 Dungeon Crawl Stone Soup version 0.26-a0-812-g31a745ddcd (webtiles) character file.

Game seed: 11100720814470865361

10 Apogee the Bolt Thrower (level 2, -6/17 HPs)
             Began as a Kobold Hunter on Dec 5, 2020.
             Mangled by a gnoll
             ... wielding a +0 halberd
              (11 damage)
             ... on level 2 of the Dungeon.
             The game lasted 00:01:09 (260 turns).

Apogee the Bolt Thrower (Kobold Hunter)              Turns: 260, Time: 00:01:11

Health: -6/17      AC:  3    Str:  9    XL:     2   Next: 30%
Magic:  2/2        EV: 14    Int: 12    God:
Gold:   0          SH:  0    Dex: 15    Spells: 1/1 levels left

rFire    . . .     SeeInvis .   a - +1 hand crossbow
rCold    . . .     Faith    .   (shield restricted)
rNeg     . . .     Spirit   .   c - +0 leather armour
rPois    .         Reflect  .   (no helmet)
rElec    .         Harm     .   (no cloak)
rCorr    .         Rampage  .   (no gloves)
MR       .....                  (no boots)
Stlth    +++.......             (no amulet)
HPRegen  0.05/turn              (no ring)
MPRegen  0.08/turn              (no ring)

@: no status effects
A: small, nightstalker 3
a: no special abilities


You were on level 2 of the Dungeon.
You visited 1 branch of the dungeon, and saw 2 of its levels.

Inventory:

Hand Weapons
 a - a +1 hand crossbow (weapon)
 b - a +0 short sword
Missiles
 d - 17 bolts (quivered)
Armour
 c - a +0 leather armour (worn)


   Skills:
 - Level 2.1 Fighting
 + Level 1.6 Short Blades
 - Level 4.8 Crossbows
 - Level 2.4 Dodging
 + Level 2.4 Stealth


You had one spell level left.
You didn't know any spells.
Your spell library was empty.

Dungeon Overview and Level Annotations

Branches:
Dungeon (2/15)

Altars:

Annotations:
D:2 exclusion: gnoll


Innate Abilities, Weirdness & Mutations

You are small and have problems with some larger weapons.
You are completely attuned to the shadows.


Message History

A goblin and a gnoll come into view. 2 gnolls come into view.
A gnoll is wielding a +0 whip of electrocution.
The goblin shouts!
The gnoll shouts!
The goblin completely misses you.
The gnoll shouts! x2
The goblin unwields a +0 dagger.
The goblin wields a cursed -2 hunting sling.
The goblin shoots a stone.
The stone completely misses you.
You see here a stone.
The goblin shoots a stone.
The stone hits you but does no damage.
You see here a stone.
Found a glowing hunting sling.
You see here a glowing hunting sling.
A quokka comes into view.
The helpless quokka fails to defend itself.
You puncture the quokka!
You kill the quokka!
A hobgoblin comes into view.
The helpless hobgoblin fails to defend itself.
You puncture the hobgoblin!
You kill the hobgoblin!
The gnoll hits you from afar with a +0 halberd!
Ouch! That really hurt!
* * * LOW HITPOINT WARNING * * *
You see here a hobgoblin corpse.
Found a quarterstaff.
A hobgoblin comes into view.
The hobgoblin shouts!
You hear an angry hiss.
You hear a shout!
An adder comes into view.
Unknown command.
You aren't carrying any scrolls.
Unknown command.
a - a +1 hand crossbow (weapon)
Firing (i - inventory)
d - 20 bolts (quivered)
Aim: a gnoll, wielding a +0 halberd You shoot a bolt.
The adder hisses angrily.
The bolt hits the gnoll!
The gnoll closely misses you.
Firing (i - inventory)
d - 19 bolts (quivered)
Aim: a gnoll, wielding a +0 halberd (almost dead)
You shoot a bolt. The bolt closely misses the gnoll.
The gnoll barely misses you.
The hobgoblin hits you but does no damage.
Firing (i - inventory)
d - 18 bolts (quivered)
Aim: a gnoll, wielding a +0 halberd (almost dead)
You shoot a bolt. The bolt hits the gnoll.
The gnoll hits you from afar with a +0 halberd!
Ouch! That really hurt!
You die...

#.#.# #.#.# .. ##
#.#.##.# .....
#......###...###
..g....#.......#####.
###.##......(.g.@gS).
#.####.......######
#..........###
########...# #####


You could see a gnoll, an adder and a hobgoblin.

Vanquished Creatures
  A dart slug (D:1)
  A hobgoblin (D:2)
  A quokka (D:2)
  A ball python (D:1)
  3 goblins
  A rat (D:1)
8 creatures vanquished.

Notes
Turn   | Place    | Note
-------+----------+-------------------------------------------
     0 | D:1      | Apogee the Kobold Hunter began the quest for the Orb.
     0 | D:1      | Reached XP level 1. HP: 12/12 MP: 1/1
    46 | D:1      | Reached skill level 1 in Short Blades
    63 | D:1      | Reached XP level 2. HP: 13/17 MP: 2/2
   184 | D:1      | You fall into a shaft and drop 1 floor!
   260 | D:2      | Mangled by a gnoll

Illustrated notes

Levels and vault maps discovered:
D:1:      dpeg_arrival_long_road, layout_loops_corners,
          chequers_serial_rivers_micro_d
D:2:      layout_loops_ring

Skill      XL: |  1 |
---------------+----+-----
Short Blades   | 1 |  1.6
Stealth        | 2 |  2.4
Fighting       | |  2.1
Crossbows      | |  4.8
Dodging        | |  2.4

Action                   || total
-------------------------++-------
Melee: Short sword       ||    19
 Fire: Hand crossbow     ||     3
 Stab: Sleeping          ||     4
Armor: Leather armour    ||     6
Dodge: Dodged            ||    19

Table legend: (Time is in decaauts)
 A = Elapsed time spent in this place.
 B = Non-inter-level travel time spent in this place.
 C = Inter-level travel time spent in this place.
 D = Time resting spent in this place.
 E = Time spent auto-exploring this place.
 F = Levels seen in this place.
 G = Mean time per level.
                   A        B        C        D        E       F      G
               +--------+--------+--------+--------+--------+-----+--------+
         Total |    260 |    260 |      0 |      0 |    154 |   2 |  130.0 |
       Dungeon |    260 |    260 |      0 |      0 |    154 |   2 |  130.0 |
               +--------+--------+--------+--------+--------+-----+--------+

Top non-repeatable levels by time:
     D:1: 184 daAuts
     D:2: 75 daAuts
